 Dungeon Crawl Stone Soup version 0.27.1-34-g3ba077fa99 (webtiles) character file.

Game seed: 14608149089967358127

83 sankara the Ruffian (level 4, 0/35 HPs)
             Began as a Minotaur Transmuter on Jan 19, 2022.
             Slain by a gnoll (10 damage)
             ... on level 2 of the Dungeon.
             The game lasted 00:05:29 (2179 turns).

sankara the Ruffian (Minotaur Transmuter)           Turns: 2179, Time: 00:05:30

Health: 0/35       AC:  2    Str: 14    XL:     4   Next: 22%
Magic:  3/5        EV: 12    Int: 10    God:
Gold:   59         SH:  0    Dex: 12    Spells: 0/6 levels left

rFire    . . .     SeeInvis .     - Unarmed
rCold    . . .     Faith    .   (no shield)
rNeg     . . .     Spirit   .   a - +0 robe
rPois    .         Reflect  .   (helmet restricted)
rElec    .         Harm     .   (no cloak)
rCorr    .         Rampage  .   (no gloves)
Will     .....                  (no boots)
Stlth    +.........             k - amulet of the acrobat
HPRegen  0.11/turn              (no ring)
MPRegen  0.09/turn              (no ring)

@: no status effects
A: horns 2, retaliatory headbutt
a: no special abilities


You were on level 2 of the Dungeon.
You visited 1 branch of the dungeon, and saw 2 of its levels.

You collected 59 gold pieces.

Inventory:

Hand Weapons
 b - a +0 hunting sling
Missiles
 c - 88 stones
 e - 18 poisoned darts
Armour
 a - a +0 robe (worn)
Jewellery
 k - an amulet of the acrobat (around neck)
Scrolls
 d - a scroll of magic mapping {unknown}
 f - 2 scrolls of identify {unknown}
 g - a scroll of enchant armour {unknown}
 i - a scroll of summoning {unknown}
Potions
 h - a potion of curing {unknown}
 j - 2 potions of degeneration {unknown}


   Skills:
 - Level 1.2 Fighting
 + Level 1.5 Throwing
 - Level 2.1 Dodging
 + Level 4.5 Unarmed Combat
 - Level 1.5 Spellcasting
 * Level 2.2 Transmutations
 * Level 0.2 Poison Magic


You couldn't memorise any spells.
You knew the following spells:

 Your Spells              Type           Power      Damage    Failure   Level
a - Beastly Appendage     Tmut           10%        N/A       13%         1
b - Wereblood             Tmut           5%         N/A       21%         2
c - Spider Form           Tmut/Pois      1%         N/A       52%         3

Your spell library contained the following spells:

 Spells                   Type           Power      Damage    Failure   Level
 Ice Form                 Ice/Tmut       3%         N/A       90%         4


Dungeon Overview and Level Annotations

Branches:
Dungeon (2/15)

Altars:

Shops:
D:1 [


Innate Abilities, Weirdness & Mutations

You have a pair of horns on your head.
You reflexively headbutt those who attack you in melee.


Message History

You start resting.
Magic restored.
Casting: Spider Form (extremely dangerous; 52% risk of failure)
Confirm with . or Enter, or press ? or * to list all spells.
The spell is extremely dangerous to cast (52% risk of failure)!
Continue anyway?
You turn into a venomous arachnid creature.
Your +0 robe melds into your body.
You can't go up here!
You climb downwards.
There is a stone staircase leading up here.
The gnoll misses you.
You hit the gnoll.
The gnoll is moderately wounded.
The gnoll misses you.
You hit the gnoll.
The gnoll is poisoned.
The gnoll is heavily wounded.
The gnoll closely misses you. The gnoll completely misses you.
You hit the gnoll.
The gnoll looks as sick as possible!
The gnoll is severely wounded.
You hit the gnoll but do no damage.
The gnoll is almost dead.
The gnoll completely misses you. x2
You bite the gnoll!
You kill the gnoll!
The gnoll barely misses you.
Your transformation has ended.
Your +0 robe unmelds from your body.
The gnoll hits you with a +0 halberd!
You see here a +0 halberd.
You hit the gnoll.
The gnoll is heavily wounded.
The gnoll barely misses you. You furiously retaliate!
You headbutt the gnoll, but do no damage.
You hit the gnoll but do no damage.
The gnoll is heavily wounded.
The gnoll hits you with a +0 halberd!
* * * LOW HITPOINT WARNING * * *
The gnoll completely misses you.
There is a stone staircase leading up here.
The gnoll hits you from afar with a +0 halberd!
You die...

#...g...#...#....P.#
#.###g#.#.........# #.#
#.#.......#### #.#
#.#.......>#
#.###.#.....†).#
#...........)..###### #
#######g#......#.##.####
#.##.##.##.##.....
#@##.##.##.##.....
#.##.........†....
#.########.#######
#..........#
############


You could see a gnoll.

Vanquished Creatures
  Terence (D:2)
  A gnoll (D:2)
  A worm (D:2)
  6 ball pythons
  A bat (D:2)
  2 endoplasms
  A giant cockroach (D:1)
  8 goblins
  5 hobgoblins
  4 jackals (D:1)
  2 quokkas (D:1)
  5 kobolds
  3 rats
40 creatures vanquished.

Vanquished Creatures (others)
  2 fungi (D:2)
  A plant (D:1)
3 creatures vanquished.

Grand Total: 43 creatures vanquished

Notes
Turn   | Place    | Note
-------+----------+-------------------------------------------
     0 | D:1      | sankara the Minotaur Transmuter began the quest for the
                  | Orb.
     0 | D:1      | Reached XP level 1. HP: 16/16 MP: 1/1
   119 | D:1      | Reached XP level 2. HP: 14/23 MP: 0/3
   124 | D:1      | Learned a level 2 spell: Wereblood
   300 | D:1      | Found Muminterr's Antique Armour Shoppe.
   910 | D:1      | Reached skill level 4 in Unarmed Combat
  1310 | D:2      | Found a faded altar of an unknown god.
  1321 | D:2      | Reached XP level 3. HP: 15/28 MP: 2/4
  1610 | D:2      | Reached skill level 1 in Throwing
  1797 | D:2      | Noticed Terence
  1807 | D:2      | Killed Terence
  1960 | D:2      | Reached XP level 4. HP: 35/35 MP: 5/5
  1978 | D:2      | Learned a level 3 spell: Spider Form
  2179 | D:2      | Slain by a gnoll

Illustrated notes

Levels and vault maps discovered:
D:1:      tarquinn_simple_flora_water_e, layout_loops_cross, serial_shops,
          nicolae_square_shop, minmay_misc_feat_columns, chequers_big_river,
          amethyst_killhole
D:2:      minmay_roachtagon, layout_loops_ring, ebering_ecumenical_altar_rust,
          uniq_terence, uniq_crazy_yiuf_cottage

Skill      XL: |  1  2  3 |
---------------+----------+-----
Unarmed Combat | 4 |  4.5
Transmutations | 2 |  2.2
Throwing       | 1 |  1.5
Fighting       | |  1.2
Dodging        | |  2.1
Spellcasting   | |  1.5
Poison Magic   | |  0.2

Action                   |  1- 3 |  4- 6 || total
-------------------------+-------+-------++-------
Melee: Unarmed           |    58 |     8 ||    66
       Kick              |     7 |       ||     7
       Headbutt          |     6 |       ||     6
 Fire: Hunting sling     |    28 |    11 ||    39
 Cast: Beastly Appendage |    22 |     2 ||    24
       Spider Form       |       |     1 ||     1
 Stab: Sleeping          |     1 |       ||     1
Armor: Robe              |    10 |       ||    10
Dodge: Dodged            |    42 |     9 ||    51
